Map: [ESL] Alcyone

Players

ShaDoWn - Winner!

  • Race: Protoss Protoss
  • Spawn Location: 1:00

Mixu

  • Race: Zerg Zerg
  • Spawn Location: 7:00

Event: ESL Spring 2024 Finals

VOD

Have the link to the VOD?

Description

Time

  • Played on: May 31, 2024, 1:46 p.m.
  • Length: 25:20

All games in this series

Show
View Real Time Build Order
Export as new Build Order

ShaDoWn Protoss - Winner!

Build Orders: 1 Gate Expand, Mass Adepts 

Get SALT Encoding   

  12  0:01  Probe  
  13  0:13  Pylon  
  13  0:17  Probe (Chrono Boost)  
  14  0:27  Probe (Chrono Boost)  
  15  0:32  Probe (Chrono Boost)  
  16  0:38  Gateway  
  16  0:44  Probe  
  16  0:49  Assimilator  
  17  0:56  Probe  
  18  1:08  Probe  
  19  1:20  Probe  
  20  1:25  Nexus  
  20  1:34  Cybernetics Core  
  20  1:37  Probe  
  21  1:42  Assimilator  
  21  1:50  Probe  
  21  1:53  Pylon  
  22  2:02  Probe  
  23  2:08  Adept (Chrono Boost)  
  23  2:14  Probe  
  26  2:15  Twilight Council  
  26  2:24  Warp Gate  
  26  2:26  Probe (Chrono Boost)  
  27  2:31  Adept  
  27  2:36  Probe (Chrono Boost)  
  30  2:40  Probe (Chrono Boost)  
  32  2:46  Probe (Chrono Boost)  
  32  2:47  Probe (Chrono Boost)  
  32  2:48  Gateway  
  32  2:51  Resonating Glaives (Chrono Boost)  
  33  2:52  Probe x2 (Chrono Boost)  
  35  3:04  Adept, Probe  
  39  3:05  Probe  
  39  3:11  Gateway  
  39  3:17  Probe x2  
  41  3:22  Pylon  
  41  3:29  Probe  
  43  3:34  Adept  
  43  3:39  Adept  
  43  3:41  Probe  
  48  3:45  Nexus  
  47  3:53  Probe  
  47  3:55  Pylon  
  46  3:56  Probe  
  45  4:05  Probe  
  45  4:08  Probe  
  47  4:14  Adept x2  
  49  4:17  Adept  
  49  4:18  Probe  
  49  4:21  Probe  
  49  4:23  Assimilator  
  53  4:24  Assimilator, Pylon  
  53  4:30  Probe  
  54  4:33  Probe  
  54  4:35  Adept x2  
  54  4:36  Adept  
  54  4:38  Pylon  
  61  4:42  Probe  
  61  4:45  Robotics Facility, Probe  
  63  4:48  Forge  
  63  4:54  Probe  
  63  4:55  Adept x3  
  63  4:57  Probe  
  71  5:03  Probe  
  69  5:07  Probe (Chrono Boost)  
  69  5:08  Shield Battery  
  69  5:09  Shield Battery, Probe (Chrono Boost)  
  70  5:19  Probe (Chrono Boost)  
  70  5:20  Gateway  
  73  5:21  Probe (Chrono Boost)  
  73  5:25  Probe (Chrono Boost)  
  66  5:29  Adept x3, Probe x2 (Chrono Boost)  
  66  5:32  Probe  
  66  5:34  Observer (Chrono Boost), Protoss Ground Weapons Level 1 (Chrono Boost)  
  67  5:45  Immortal (Chrono Boost)  
  67  5:47  Probe  
  67  5:48  Gateway  
  67  5:49  Stalker  
  72  5:51  Adept x2  
  72  5:55  Gateway  
  72  5:57  Probe  
  77  6:02  Shield Battery, Probe x2  
  79  6:04  Assimilator  
  79  6:05  Pylon  
  79  6:06  Assimilator  
  79  6:11  Immortal (Chrono Boost)  
  79  6:17  Stalker  
  79  6:18  Stalker  
  87  6:22  Pylon  
  87  6:23  Probe  
  87  6:25  Probe  
  89  6:28  Probe  
  90  6:35  Probe  
  90  6:36  Pylon  
  91  6:40  Warp Prism (Chrono Boost)  
  91  6:45  Templar Archives, Adept x3  
  91  6:46  Adept x2  
  103  6:56  Pylon  
  103  7:02  Nexus, Probe  
  103  7:05  Gateway  
  103  7:06  Gateway  
  104  7:15  Zealot  
  106  7:16  Psionic Storm  
  106  7:18  Probe  
  107  7:22  Protoss Ground Weapons Level 2 (Chrono Boost)  
  107  7:28  Probe x2  
  109  7:31  Probe  
  109  7:32  Shield Battery  
  109  7:35  High Templar x2  
  109  7:36  High Templar x2  
  118  7:37  High Templar  
  118  7:40  Photon Cannon  
  118  7:41  Photon Cannon  
  118  7:43  Photon Cannon  
  120  7:46  Probe  
  120  7:47  Probe  
  120  7:48  Photon Cannon  
  122  7:54  Pylon x2  
  122  7:58  Probe  
  122  8:02  Assimilator  
  123  8:06  Pylon, High Templar  
  123  8:07  Assimilator, Pylon  
  123  8:09  Pylon x2  
  123  8:12  Probe  
  126  8:18  High Templar x3  
  132  8:20  Pylon  
  132  8:21  Probe  
  132  8:22  Probe  
  132  8:23  Pylon  
  132  8:25  Probe  
  132  8:26  Archon  
  135  8:33  Immortal  
  139  8:37  Pylon, Photon Cannon  
  139  8:40  Stalker x4  
  147  8:43  Blink  
  147  8:46  Probe  
  149  8:56  High Templar  
  149  8:57  High Templar  
  149  8:59  Probe  
  153  9:06  Nexus  
  153  9:11  High Templar  
  153  9:12  Archon, High Templar  
  153  9:13  Pylon  
  153  9:15  Pylon  
  157  9:19  Stalker x3  
  163  9:25  Warp Prism  
  165  9:35  High Templar x2  
  165  9:36  Shield Battery  
  165  9:38  Photon Cannon  
  165  9:40  Photon Cannon  
  165  9:42  Photon Cannon  
  161  9:47  Archon  
  161  9:49  Stalker x6  
  165  10:01  Protoss Ground Weapons Level 3 (Chrono Boost), Immortal  
  165  10:06  Gateway  
  169  10:08  Assimilator  
  169  10:10  Gateway  
  169  10:15  Stalker x4  
  169  10:20  Stalker x2  
  181  10:31  Stalker x2  
  185  10:47  Stalker x5  
  185  10:48  Stalker  
  191  10:54  Immortal  
  191  10:55  Zealot x2  
  189  11:08  Probe  
  182  11:18  Cybernetics Core, Zealot x10  
  188  11:25  Probe  
  187  11:33  Observer  
  170  11:46  Pylon  
  168  11:48  High Templar x5  
  178  11:56  Charge (Chrono Boost)  
  178  12:07  Observer (Chrono Boost)  
  179  12:09  Stargate  
  179  12:11  Nexus  
  179  12:13  Stargate  
  179  12:16  Pylon, Stargate  
  179  12:18  Protoss Air Weapons Level 1 (Chrono Boost), Photon Cannon  
  179  12:20  Warp Prism (Chrono Boost)  
  179  12:29  Photon Cannon  
  179  12:30  Photon Cannon  
  179  12:31  Pylon  
  179  12:39  Pylon  
  179  12:46  Observer  
  160  13:04  Immortal  
  162  13:08  Stalker, Zealot  
  162  13:09  Zealot x2, Stalker x6  
  162  13:12  Probe  
  180  13:14  Probe  
  180  13:18  Probe  
  153  13:21  Probe  
  153  13:22  Probe x2  
  153  13:27  Fleet Beacon  
  164  13:28  Probe  
  164  13:29  Probe  
  164  13:30  Void Ray x2, Probe  
  164  13:31  Void Ray  
  164  13:33  Probe  
  167  13:34  Probe  
  167  13:38  High Templar  
  167  13:39  Shield Battery  
  170  13:41  Photon Cannon  
  170  13:43  Photon Cannon  
  170  13:44  Immortal  
  170  13:45  Photon Cannon  
  170  13:47  Photon Cannon  
  174  13:49  Shield Battery  
  146  14:06  Archon  
  146  14:07  Probe  
  146  14:08  High Templar  
  146  14:09  High Templar  
  145  14:11  Protoss Shields Level 1 (Chrono Boost)  
  145  14:12  Zealot x5  
  155  14:22  Tempest  
  155  14:23  Tempest x2  
  170  14:26  Probe  
  170  14:29  Pylon  
  163  14:54  Zealot x9  
  163  14:56  Probe  
  163  14:57  Probe  
  163  14:59  Probe  
  180  15:05  Carrier  
  180  15:06  Tempest  
  166  15:19  Assimilator x2  
  172  15:21  Probe (Chrono Boost)  
  172  15:28  Mothership (Chrono Boost)  
  168  15:30  High Templar x2  
  158  15:40  Stalker x2  
  158  15:41  Zealot x4  
  156  15:43  Tempest (Chrono Boost)  
  155  15:56  Tempest (Chrono Boost)  
  145  16:01  Robotics Facility x2  
  135  16:04  High Templar  
  135  16:06  Zealot x7, Tempest (Chrono Boost)  
  156  16:11  Pylon, Probe  
  156  16:14  Pylon, Probe  
  154  16:28  Stalker x4  
  154  16:29  Stalker x3  
  160  16:45  Zealot  
  145  16:52  Zealot x7  
  152  17:01  Carrier (Chrono Boost)  
  152  17:07  Zealot  
  152  17:08  Probe  
  144  17:12  Probe  
  144  17:14  Stalker x4, Carrier (Chrono Boost), Zealot x2  
  144  17:15  Zealot  
  157  17:16  Probe  
  154  17:23  Assimilator  
  138  17:32  Zealot  
  138  17:37  Zealot x4  
  127  17:42  Observer  
  113  17:44  High Templar x2  
  113  17:46  Zealot  
  113  17:47  Carrier (Chrono Boost)  
  119  17:55  Zealot  
  115  18:02  Zealot x4  
  105  18:23  Probe x4  
  105  18:24  Stalker, Zealot x6  
  117  18:39  Probe  
  114  18:50  High Templar x6  
  114  18:53  Probe  
  114  18:55  Probe  
  128  19:02  Archon  
  128  19:03  Archon  
  128  19:08  Tempest  
  134  19:10  Observer  
  134  19:11  Nexus  
  134  19:21  High Templar  
  134  19:23  Zealot x6  
  147  19:35  Tempest  
  128  19:55  High Templar x2  
  128  19:57  Probe  
  128  19:59  Zealot  
  131  20:00  Zealot x4  
  131  20:03  Probe  
  124  20:08  Probe  
  124  20:10  Nexus  
  124  20:11  High Templar  
  124  20:13  Probe  
  122  20:22  High Templar  
  122  20:24  Probe  
  122  20:26  Zealot x4  
  129  20:35  Probe  
  130  20:37  Assimilator, Probe  
  130  20:38  Assimilator  
  125  20:46  High Templar  
  125  20:47  High Templar  
  125  20:49  Zealot x5, Probe  
  136  21:01  Probe  
  131  21:16  Zealot x5  
  131  21:17  Zealot  
  143  21:18  Probe  
  143  21:19  Nexus  
  122  21:50  High Templar x3  
  122  21:51  High Templar x3  
  122  21:56  Tempest (Chrono Boost)  
  122  21:57  Tempest (Chrono Boost)  
  122  22:00  Stalker x2  
  132  22:05  Archon x3  
  122  22:11  Archon  
  122  22:12  Archon  
  122  22:16  Carrier (Chrono Boost)  
  122  22:22  Probe x3  
  129  22:23  Probe  
  129  22:25  Probe  
  129  22:26  High Templar x2  
  129  22:28  Stalker  
  134  22:39  Zealot x5  
  134  22:42  Probe  
  134  22:43  Pylon  
  145  22:47  Robotics Facility, Probe  
  145  22:50  Robotics Facility, Probe  
  144  22:54  Stalker  
  145  22:58  Probe x2  
  146  23:05  High Templar x2  
  146  23:06  High Templar  
  146  23:07  Zealot  
  146  23:08  Zealot  
  146  23:09  Probe x2  
  146  23:11  Probe, Pylon  
  157  23:13  Probe  
  152  23:22  Pylon  
  152  23:23  Probe  
  152  23:25  Stalker x3  
  155  23:29  High Templar  
  145  23:51  Tempest  
  145  23:52  Observer, Archon  
  136  24:00  Zealot x6  
  136  24:01  Zealot  
  142  24:08  Tempest x2  
  142  24:17  Stalker  
  142  24:19  Probe  
  134  24:25  Zealot x4, High Templar x2  
  144  24:37  Assimilator  
  142  24:39  Assimilator  
  142  24:42  High Templar  
  144  24:45  Photon Cannon  
  144  24:48  Photon Cannon  
  144  24:50  Shield Battery  
  144  24:52  High Templar  
  144  24:57  Zealot x6  
  150  25:00  Observer (Chrono Boost)  
  150  25:01  Observer (Chrono Boost)  
  150  25:11  Archon  
Show
View Real Time Build Order
Export as new Build Order

Mixu Zerg 

Build Orders: Hatch First, Lurkers 

Get SALT Encoding   

  12  0:00  Drone  
  13  0:12  Overlord  
  13  0:16  Drone  
  14  0:31  Drone x2  
  16  0:48  Hatchery  
  15  0:51  Drone  
  15  0:55  Drone  
  17  0:58  Drone  
  18  1:08  Extractor  
  17  1:13  Spawning Pool  
  17  1:16  Drone  
  17  1:19  Drone  
  18  1:28  Drone  
  19  1:39  Drone  
  20  1:50  Overlord  
  20  1:59  Queen  
  20  2:00  Queen, Zergling x2  
  26  2:01  Drone  
  26  2:13  Drone  
  26  2:14  Zergling x2  
  26  2:15  Metabolic Boost  
  28  2:30  Drone  
  28  2:31  Drone  
  30  2:41  Hatchery  
  30  2:42  Queen  
  31  2:45  Drone  
  31  2:49  Overlord  
  31  2:51  Drone  
  33  2:55  Drone x2  
  33  2:57  Drone  
  36  3:06  Queen  
  36  3:10  Zergling x4  
  36  3:11  Zergling x2  
  41  3:14  Overlord  
  41  3:16  Drone  
  41  3:18  Drone  
  43  3:21  Drone  
  44  3:32  Queen  
  44  3:33  Drone x2  
  48  3:35  Drone  
  48  3:36  Drone  
  48  3:38  Drone  
  50  3:44  Overlord x2  
  50  3:49  Drone  
  50  3:52  Queen  
  52  3:56  Drone x2  
  52  3:57  Drone x2  
  58  4:02  Drone x2  
  58  4:05  Drone x2  
  58  4:06  Evolution Chamber  
  58  4:10  Drone x2  
  58  4:13  Drone x2  
  61  4:22  Zergling x6  
  63  4:26  Roach Warren  
  63  4:33  Zergling x14  
  63  4:37  Spore Crawler  
  69  4:42  Lair  
  69  4:45  Extractor  
  68  4:46  Extractor  
  68  4:48  Overlord  
  68  4:51  Zergling x6  
  68  4:52  Zergling x8  
  74  4:59  Evolution Chamber  
  70  5:01  Evolution Chamber  
  70  5:05  Evolution Chamber  
  70  5:07  Roach x4  
  68  5:12  Roach  
  70  5:19  Roach  
  70  5:20  Evolution Chamber  
  71  5:26  Zergling x12  
  71  5:27  Zergling x2  
  73  5:31  Evolution Chamber  
  73  5:33  Drone x6  
  77  5:40  Drone x3  
  79  5:47  Overlord  
  79  5:48  Drone  
  79  5:49  Zerg Missile Weapons Level 1  
  79  5:52  Drone x2  
  81  5:58  Overlord  
  81  6:07  Overlord  
  81  6:08  Drone x4  
  81  6:09  Drone x3  
  88  6:12  Overseer  
  88  6:15  Drone  
  88  6:16  Glial Reconstitution  
  89  6:19  Overlord, Baneling Nest, Extractor  
  89  6:20  Drone x2  
  89  6:22  Drone  
  91  6:25  Zergling x4  
  91  6:32  Drone x4  
  96  6:37  Drone  
  96  6:38  Drone  
  98  6:41  Extractor  
  98  6:42  Drone x2  
  98  6:44  Drone  
  100  6:49  Hatchery  
  99  6:55  Drone x2  
  99  6:56  Overlord  
  99  6:58  Drone  
  99  6:59  Extractor  
  99  7:00  Roach x6  
  113  7:03  Overlord  
  113  7:10  Baneling x13  
  113  7:16  Overlord  
  113  7:18  Roach x4  
  113  7:22  Overlord  
  120  7:33  Overlord  
  120  7:38  Roach x5  
  130  7:47  Zergling x2  
  130  7:48  Zergling x14  
  136  7:54  Roach x5  
  136  7:55  Centrifugal Hooks, Overlord  
  146  8:01  Overlord  
  146  8:02  Roach x3  
  152  8:07  Overlord x2  
  152  8:19  Roach x3  
  157  8:22  Overlord x2  
  157  8:24  Drone x3  
  157  8:25  Drone x2  
  161  8:28  Infestation Pit  
  161  8:30  Overlord  
  161  8:31  Drone x2  
  161  8:34  Zerg Missile Weapons Level 2  
  161  8:36  Drone x3  
  161  8:37  Hatchery  
  161  8:39  Evolution Chamber  
  161  8:40  Drone x2  
  164  8:50  Drone x10  
  164  8:55  Extractor  
  173  8:57  Hydralisk Den, Pneumatized Carapace  
  173  8:58  Zergling x10  
  173  9:01  Zergling x4  
  179  9:05  Zergling x6  
  182  9:13  Zergling x8  
  186  9:21  Hive  
  186  9:22  Zerg Melee Weapons Level 1  
  186  9:31  Spine Crawler  
  185  9:35  Drone x2, Lurker Den  
  185  9:36  Drone x2  
  179  9:57  Hydralisk x9  
  198  10:01  Infestor x2  
  198  10:08  Muscular Augments  
  198  10:09  Spore Crawler  
  198  10:12  Extractor  
  198  10:13  Spine Crawler, Extractor  
  194  10:25  Drone x4  
  194  10:26  Spore Crawler  
  194  10:28  Spore Crawler  
  196  10:34  Spine Crawler, Overseer  
  194  10:46  Lurker x6  
  182  10:58  Zergling x24  
  182  11:00  Hydralisk x6  
  182  11:03  Zergling x4  
  182  11:04  Zergling x8  
  200  11:10  Drone x8  
  193  11:13  Zergling x12  
  184  11:28  Baneling x7  
  184  11:31  Lurker x5  
  181  11:36  Hydralisk x5  
  181  11:37  Drone  
  181  11:39  Hydralisk x8  
  179  11:44  Grooved Spines  
  179  11:45  Zerg Missile Weapons Level 3  
  179  11:46  Drone x4  
  177  11:51  Zergling x12  
  183  11:56  Seismic Spines  
  183  11:59  Spine Crawler  
  183  12:00  Hatchery, Drone x4  
  185  12:02  Spore Crawler, Lurker x3  
  185  12:07  Zergling x20  
  197  12:20  Zerg Melee Weapons Level 2  
  197  12:21  Nydus Network  
  196  12:23  Baneling x4  
  196  12:41  Hydralisk x3  
  199  12:46  Spine Crawler, Lurker  
  199  12:47  Spine Crawler  
  199  12:48  Spine Crawler  
  197  12:56  Hydralisk x3  
  197  12:57  Hydralisk x3  
  199  13:04  Hydralisk x3  
  199  13:11  Zergling x4  
  179  13:13  Hydralisk x6  
  179  13:16  Hydralisk x5  
  177  13:23  Zergling x24  
  177  13:31  Zergling x8  
  177  13:32  Zergling x2  
  177  13:33  Lurker  
  177  13:34  Drone, Lurker x5  
  188  13:38  Zergling x12  
  193  13:50  Hydralisk x8, Extractor  
  193  13:51  Extractor  
  177  13:56  Hydralisk x2  
  177  14:00  Hydralisk x3  
  175  14:02  Hydralisk  
  163  14:17  Hydralisk x7  
  163  14:22  Zergling x12  
  183  14:27  Queen  
  183  14:28  Adrenal Glands  
  183  14:29  Zergling x2  
  186  14:33  Nydus Canal  
  186  14:35  Hydralisk x4  
  184  14:38  Zergling x4  
  184  14:39  Lurker  
  183  14:46  Hydralisk x5  
  183  14:50  Zergling x2, Nydus Canal  
  186  14:54  Hydralisk x3  
  186  14:59  Hydralisk  
  191  15:00  Hydralisk x2  
  191  15:06  Hydralisk x4  
  191  15:15  Drone x3  
  191  15:17  Hydralisk x4  
  192  15:27  Infestor x2  
  187  15:28  Drone x3  
  187  15:33  Hydralisk x3, Adaptive Talons  
  196  15:35  Nydus Canal  
  196  15:42  Hydralisk x3  
  186  15:46  Hydralisk x3  
  179  15:51  Hydralisk x4  
  179  15:54  Hydralisk  
  179  15:56  Hydralisk  
  180  16:00  Hydralisk x3  
  186  16:10  Zerg Ground Armor Level 1, Hydralisk x2  
  190  16:12  Zergling x4  
  190  16:13  Lurker  
  191  16:23  Hydralisk x4  
  186  16:33  Hydralisk x3  
  179  16:43  Hydralisk x2  
  165  16:48  Hydralisk x2  
  165  16:52  Hydralisk  
  160  16:59  Hydralisk x2  
  154  17:02  Hydralisk  
  154  17:07  Hydralisk  
  147  17:11  Hydralisk x2  
  143  17:24  Hydralisk x4  
  140  17:32  Hydralisk x3  
  144  17:39  Hydralisk x3  
  146  17:45  Hydralisk x2  
  146  17:52  Hydralisk x3  
  145  18:03  Hydralisk x4  
  151  18:06  Hydralisk  
  151  18:08  Nydus Canal  
  151  18:11  Hydralisk  
  143  18:18  Hydralisk x2  
  127  18:21  Hydralisk x2  
  127  18:26  Hydralisk  
  111  18:29  Hydralisk x2  
  111  18:33  Hydralisk x2  
  117  18:36  Hydralisk  
  117  18:38  Hydralisk  
  116  18:47  Hydralisk x3  
  117  18:50  Hydralisk  
  117  18:53  Lurker  
  118  19:03  Infestor x2  
  118  19:04  Hydralisk x4  
  118  19:07  Lurker  
  118  19:08  Lurker x2  
  133  19:16  Zergling x14, Lurker  
  133  19:17  Lurker  
  142  19:22  Hydralisk x2  
  146  19:24  Hydralisk  
  146  19:28  Queen  
  146  19:30  Hydralisk  
  152  19:33  Hydralisk  
  152  19:37  Hydralisk  
  156  19:39  Queen  
  156  19:41  Zergling x10  
  160  19:47  Hydralisk  
  160  19:48  Hydralisk x2  
  160  19:50  Hydralisk  
  145  19:54  Hydralisk  
  145  19:59  Hydralisk  
  132  20:10  Queen  
  132  20:11  Hydralisk x2  
  130  20:14  Hydralisk  
  130  20:17  Hydralisk  
  130  20:19  Queen  
  135  20:24  Hydralisk  
  137  20:33  Hydralisk x3  
  141  20:41  Hydralisk x3  
  140  20:45  Hydralisk  
  140  20:47  Hydralisk  
  140  20:49  Queen  
  131  20:53  Hydralisk x2  
  137  21:00  Hydralisk x2  
  137  21:01  Drone  
  141  21:09  Hydralisk  
  143  21:14  Queen, Hydralisk  
  145  21:20  Hydralisk x2  
  145  21:24  Hydralisk  
  151  21:27  Spore Crawler  
  151  21:30  Hydralisk x2  
  152  21:36  Hydralisk x2  
  146  21:47  Hydralisk x3  
  129  21:52  Hydralisk x2  
  134  21:58  Hydralisk  
  134  22:00  Zergling x22  
  126  22:10  Hydralisk x2  
  126  22:15  Hydralisk  
  130  22:21  Hydralisk  
  130  22:27  Hydralisk  
  132  22:32  Hydralisk  
  133  22:42  Hydralisk  
  134  22:51  Hydralisk  
  130  22:56  Hydralisk  
  127  23:07  Hydralisk  
  129  23:15  Hydralisk  
  128  23:24  Viper  
  131  23:33  Hydralisk  
  133  23:40  Hydralisk  
  123  23:50  Hydralisk  
  106  24:02  Hydralisk  
  98  24:07  Hydralisk  
  98  24:17  Hydralisk  
  98  24:22  Drone  
  91  24:27  Hydralisk  
  90  24:47  Hydralisk x2  
Tags
 
Add a new tag
Caveats
  • Supply blocks, unpowered buildings, or Contaminate may cause inaccurate times.
  • Supply counts are checked every 10 seconds.